 Dungeon Sprint DCSS version 0.29.1-4-g47bece8355 (webtiles) character file.

Game seed: 11495517660951203193

1220 boopmooplesden the Cleaver (level 8, -5/74 HPs)
             Began as a Minotaur Gladiator on Dec 6, 2022.
             Slain by a polar bear (6 damage)
             ... in the Dungeon (Sprint II: "The Violet Keep of Menkaure").
             The game lasted 00:01:52 (866 turns).

boopmooplesden the Cleaver (Minotaur Gladiator)      Turns: 866, Time: 00:01:53

Health: -5/74      AC: 10    Str: 25    XL:     8   Next: 23%
Magic:  7/7        EV: 12    Int:  5    God:
Gold:   164        SH:  0    Dex: 12    Spells: 7/7 levels left

rFire   + . .      SeeInvis .   n - +7 scimitar of Fundamental Breach {drain, rC+ Str+4 Dex-5}
rCold   + . .      Faith    .   (no shield)
rNeg    . . .      Spirit   .   m - +0 chain mail of Valour {rF+ Will+ Dex+5}
rPois   .          Reflect  .   l - +1 hat
rElec   .          Harm     .   (no cloak)
rCorr   .          Rampage  .   (no gloves)
Will    +....      NoTele   +   (no boots)
Stlth   ..........              (no amulet)
HPRegen 0.22/turn               (no ring)
MPRegen 0.10/turn               (no ring)

@: lethally poisoned (-5 -> -16), hasted and slowed
A: horns 2, retaliatory headbutt
a: no special abilities


You were in the Dungeon.
You visited 1 branch You collected 729 gold pieces.
You spent 565 gold pieces at shops.

Inventory:

Hand Weapons
 a - a +0 war axe
 n - the +7 scimitar of Fundamental Breach (weapon) {drain, rC+ Str+4 Dex-5}
   (You bought it in a shop in the Dungeon)

   A truly terrible weapon, it drains the life of any living foe it strikes.
   Str:       It affects your strength (+4).
   Dex:       It affects your dexterity (-5).
   rC:        It protects you from cold.
Missiles
 d - 2 throwing nets (quivered)
 e - a javelin
Armour
 b - a +0 leather armour
 c - a +0 hat
 l - a +1 hat (worn)
 m - the +0 chain mail of Valour (worn) {rF+ Will+ Dex+5}
   (You bought it in a shop in the Dungeon)

   Dex:       It affects your dexterity (+5).
   rF:        It protects you from fire.
   Will:      It increases your willpower.
Scrolls
 k - a scroll of blinking
Potions
 f - a potion of curing
 g - a potion of heal wounds
 i - 2 potions of magic
 j - a potion of flight {unknown}


   Skills:
 + Level 7.7 Fighting
 + Level 1.7 Long Blades
 + Level 14.5 Axes
 + Level 5.6 Throwing
 + Level 4.1 Armour
 + Level 11.9 Dodging


You had 7 spell levels left.
You didn't know any spells.
Your spell library was empty.

Dungeon Overview and Level Annotations

Branches:
Dungeon (1/1)

Altars:
Cheibriados
Dithmenos
Elyvilon
Fedhas
Gozag
Hepliaklqana
Kikubaaqudgha
Makhleb
Nemelex Xobeh
Okawaru
Qazlal
Ru
Sif Muna
Trog
Uskayaw
Vehumet
Wu Jian
Xom
Yredelemnul
Zin
The Shining One
Jiyva
Lugonu

Shops:
D *=:[(*==:*:!?[!

Annotations:
D exclusion: oklob plant


Innate Abilities, Weirdness & Mutations

You have a pair of horns on your head.
You reflexively headbutt those who attack you in melee.


Message History

The polar bear closely misses you. The hornet barely misses you.
The polar bear bites you but does no damage.
The polar bear claws you. The polar bear closely misses you.
You feel yourself speed up. The hornet stings you.
You are poisoned.
You feel yourself slow down. The polar bear completely misses you.
You furiously retaliate!
You headbutt the polar bear, but do no damage.
The polar bear claws you but does no damage. x2
The hornet misses you. You furiously retaliate!
You headbutt the hornet. You slash the hornet!
The hornet is moderately wounded.
You feel very sick. The hornet stings you!
* * * LOW HITPOINT WARNING * * *
You suddenly lose the ability to move!
The polar bear bites you but does no damage.
The polar bear claws you but does no damage.
The polar bear claws you.
* * * LOW HITPOINT WARNING * * *
The hornet stings you but does no damage.
You can move again.
You barely miss the hornet.
The hornet is moderately wounded.
You feel yourself speed up.
You feel sick. The hornet stings you.
* * * LOW HITPOINT WARNING * * *
You feel yourself slow down.
The polar bear bites you but does no damage.
The polar bear claws you but does no damage. x2
The hornet stings you.
* * * LOW HITPOINT WARNING * * *
You are more poisoned.
You feel as though you will be slow longer.
You slash the hornet! You drain the hornet. Your headbutt misses the hornet.
The hornet is severely wounded.
* * * LOW HITPOINT WARNING * * *
You feel very sick. The hornet barely misses you. The polar bear bites you.
You die... ..#....# ...# #B ###..## #^.# .# ?$! +###.##..# +..# .# :() .##...#..# #..# .# $)$)

<.'.##'.†### ..##.#▓($?[
.##...#....###...##▓▓▓▓▓
'###.##.....§~~ch~~~~~~~
).####~~.....~#y########
#..#~~~§~§~..~#h@..._._#
..##~~~~~~~§§~#...._._.#
+##~~~§≈≈~~§~~#..._._._#
~~~~~§≈§§§§~#.._._._.# #
++#~≈≈≈≈§§§~#._._._._#
~~ ##§≈≈###§§#_._._._.#
. #§§#._._._..#
#≈§#.._._._.#


You could see 2 polar bears, a yaktaur and a hornet (drained).

Vanquished Creatures
  A merfolk siren (D)
  A polar bear (D)
  2 water moccasins (D)
  5 scorpions (D)
  4 necrophages (D)
13 creatures vanquished.

Vanquished Creatures (others)
  Menkaure (D)
1 creature vanquished.

Grand Total: 14 creatures vanquished

Notes
Turn   | Place    | Note
-------+----------+-------------------------------------------
     0 | D        | boopmooplesden the Minotaur Gladiator began the quest for
                  | the Orb.
     0 | D        | Reached XP level 1. HP: 18/18 MP: 0/0
     1 | D        | Noticed a necrophage
     1 | D        | Noticed a necrophage
     1 | D        | Noticed a necrophage
     1 | D        | Noticed a necrophage
    13 | D        | Killed a necrophage
    14 | D        | Reached skill level 6 in Axes
    14 | D        | Reached skill level 5 in Dodging
    14 | D        | Reached XP level 2. HP: 10/27 MP: 1/1
    14 | D        | Reached XP level 3. HP: 12/33 MP: 2/2
    18 | D        | Killed a necrophage
    19 | D        | Reached skill level 8 in Axes
    19 | D        | Reached skill level 1 in Armour
    19 | D        | Reached XP level 4. HP: 11/41 MP: 3/3
    21 | D        | Killed a necrophage
    22 | D        | Reached skill level 9 in Axes
    22 | D        | Reached XP level 5. HP: 14/47 MP: 4/4
    26 | D        | Reached skill level 5 in Fighting
    26 | D        | Reached skill level 10 in Axes
   125 | D        | Killed Menkaure
   421 | D        | Noticed a boulder beetle
   421 | D        | Noticed a boulder beetle
   425 | D        | Noticed a merfolk siren
   434 | D        | Killed a merfolk siren
   435 | D        | Reached skill level 12 in Axes
   435 | D        | Reached skill level 5 in Throwing
   435 | D        | Reached skill level 10 in Dodging
   435 | D        | Reached XP level 6. HP: 46/58 MP: 5/5
   435 | D        | Reached XP level 7. HP: 50/64 MP: 6/6
   529 | D        | Reached skill level 13 in Axes
   685 | D        | Found Uhatipt's Book Emporium.
   685 | D        | Found Uschayzen's Magic Scroll Emporium.
   685 | D        | Found Omuopa's Distillery.
   685 | D        | Found Bugen's General Store.
   685 | D        | Found Dicius's Distillery.
   685 | D        | Found Xej Riug's Antique Armour Shoppe.
   686 | D        | Found Geumee's Book Emporium.
   686 | D        | Found Kedonga Luhe's Jewellery Shoppe.
   687 | D        | Found Demanymn's Jewellery Shoppe.
   687 | D        | Found Weafug's Assorted Antiques.
   687 | D        | Noticed a cane toad
   695 | D        | Noticed a wyvern
   710 | D        | Reached skill level 14 in Axes
   719 | D        | Found Usolaum's Antique Weapon Emporium.
   719 | D        | Found Duddup's Antique Armour Shoppe.
   719 | D        | Noticed a cane toad
   719 | D        | Noticed an oklob plant
   719 | D        | Noticed a wyvern
   720 | D        | Found Soeryps's Jewellery Shoppe.
   720 | D        | Found Mabab's General Store.
   720 | D        | Found Vamm's Book Shoppe.
   720 | D        | Noticed a wyvern
   732 | D        | Bought a runed hat for 133 gold pieces
   732 | D        | Bought a polished chain mail for 180 gold pieces
   732 | D        | Identified the +0 chain mail of Valour {rF+ Will+ Dex+5}
                  | (You bought it in a shop in the Dungeon)
   753 | D        | Noticed a great orb of eyes
   754 | D        | Bought an iridescent scimitar for 252 gold pieces
   754 | D        | Identified the +7 scimitar of Fundamental Breach {drain,
                  | rC+ Str+4 Dex-5} (You bought it in a shop in the Dungeon)
   784 | D        | Reached XP level 8. HP: 68/73 MP: 7/7
   785 | D        | Found a snail-covered altar of Cheibriados.
   786 | D        | Found a shadowy altar of Dithmenos.
   786 | D        | Found a viscous altar of Jiyva.
   845 | D        | Found a white marble altar of Elyvilon.
   845 | D        | Found an ancient bone altar of Kikubaaqudgha.
   846 | D        | Found a blossoming altar of Fedhas.
   846 | D        | Found a corrupted altar of Lugonu.
   846 | D        | Found a shimmering blue altar of Sif Muna.
   847 | D        | Found an opulent altar of Gozag.
   847 | D        | Found a burning altar of Makhleb.
   847 | D        | Found a bloodstained altar of Trog.
   848 | D        | Found a sparkling altar of Nemelex Xobeh.
   848 | D        | Found a hide-covered altar of Uskayaw.
   849 | D        | Found a basalt altar of Yredelemnul.
   849 | D        | Noticed a polar bear
   850 | D        | Found an iron altar of Okawaru.
   850 | D        | Found a radiant altar of Vehumet.
   850 | D        | Found a glowing silver altar of Zin.
   850 | D        | Found a hazy altar of Hepliaklqana.
   850 | D        | Found a sacrificial altar of Ru.
   850 | D        | Found a shimmering altar of Xom.
   850 | D        | Noticed a polar bear
   850 | D        | Noticed a polar bear
   851 | D        | Found a stormy altar of Qazlal.
   851 | D        | Found an ornate altar of the Wu Jian Council.
   851 | D        | Found a glowing golden altar of the Shining One.
   851 | D        | Noticed a yaktaur
   852 | D        | Noticed a hornet
   861 | D        | Killed a polar bear
   862 | D        | Reached skill level 1 in Long Blades
   864 | D        | Paralysed by a hornet for 1 turns
   866 | D        | HP: 1/74 [poisoned by a hornet]
   866 | D        | Slain by a polar bear

Illustrated notes

Levels and vault maps discovered:
D:        the_violet_keep_of_menkaure [sprint2_stairs_cluster_1,
          sprint2_shoproom, sprint2_temple, sprint2_basic_supplies,
          sprint2_obstacle_6, sprint2_obstacle_7, sprint2_obstacle_5,
          sprint2_obstacle_3, sprint2_obstacle_2, sprint2_timed_cluster_1,
          sprint2_smallroom_cluster_1, sprint2_smallroom_final_cluster_1,
          sprint2_transparent_cluster_1, sprint2_second_timed_cluster_1,
          sprint2_sniper_area_1, sprint2_heavy_combat_area_1,
          sprint2_mutation_trap_area_1, sprint2_forest_area_1,
          sprint2_light_combat_area_1, sprint2_behind_water_1,
          sprint2_near_end_vault_1]

Skill      XL: |  1  2  3  4  5  6  7  8 |
---------------+-------------------------+-----
Fighting       | 3 4 6 7 |  7.7
Axes           | 6 8 9 12 14 | 14.5
Dodging        | 5 6 7 10 11 | 11.9
Throwing       | 3 5 |  5.6
Armour         | 1 2 3 4 |  4.1
Long Blades    | 1 |  1.7

Action                   |  1- 3 |  4- 6 |  7- 9 || total
-------------------------+-------+-------+-------++-------
Melee: War axe           |    14 |    15 |    24 ||    53
       Headbutt          |       |     3 |     4 ||     7
       Punch             |       |     1 |       ||     1
       Scimitar          |       |       |    13 ||    13
Throw: Throwing net      |     1 |       |       ||     1
  Use: Potion            |     1 |       |     1 ||     2
Armor: Leather armour    |     1 |       |     3 ||     4
       Chain mail        |       |       |    23 ||    23
Dodge: Dodged            |     3 |     3 |    36 ||    42
